 Dungeon Crawl Stone Soup version 0.28.0-53-g5a82cb258f (webtiles) character file.

Game seed: 6680653732932911772

1815 safid the Cleaver (level 9, -3/71 HPs)
             Began as a Hill Orc Fighter on July 6, 2022.
             Was an Initiate of Beogh.
             Slain by Harold
             ... wielding a +3 battleaxe of electrocution
              (20 damage)
             ... on level 7 of the Dungeon.
             The game lasted 00:09:34 (6272 turns).

safid the Cleaver (Hill Orc Fighter)                Turns: 6272, Time: 00:09:34

Health: -3/71      AC: 21    Str: 26    XL:     9   Next: 10%
Magic:  9/9        EV:  5    Int:  8    God:    Beogh [......]
Gold:   231        SH:  4    Dex:  6    Spells: 8/8 levels left

rFire   . . .      SeeInvis .   j - +4 falchion "Pedus" {vamp, rN+ rCorr Str+3 Dex-4}
rCold   . . .      Faith    .   c - +0 buckler
rNeg    + . .      Spirit   .   d - +0 crystal plate armour
rPois   .          Reflect  .   l - +0 helmet
rElec   .          Harm     .   (no cloak)
rCorr   +          Rampage  .   (no gloves)
Will    .....                   (no boots)
Stlth   ..........              F - amulet of the acrobat
HPRegen 0.21/turn               z - ring of resist corrosion
MPRegen 0.11/turn               (no ring)

@: mighty
A: no striking features
a: Renounce Religion


You were on level 7 of the Dungeon.
You worshipped Beogh.
Beogh was noncommittal.
You visited 1 branch of the dungeon, and saw 7 of its levels.

You collected 297 gold pieces.
You spent 66 gold pieces at shops.

Inventory:

Hand Weapons
 a - a +0 war axe
 j - the +4 falchion "Pedus" (weapon) {vamp, rN+ rCorr Str+3 Dex-4}
   (You found it on level 2 of the Dungeon)

   It occasionally heals its wielder for a portion of the damage dealt when it
   wounds a living foe.
   Str:       It affects your strength (+3).
   Dex:       It affects your dexterity (-4).
   rN:        It protects you from negative energy.
   rCorr:     It protects you from acid and corrosion.
 C - the +4 dagger "Worm" {vorpal, Dex+2}
   (You found it on level 5 of the Dungeon)

   It inflicts extra damage upon your enemies.
   Dex:       It affects your dexterity (+2).
Missiles
 t - 6 poisoned darts (quivered)
 D - 8 curare-tipped darts
Armour
 c - a +0 buckler (worn)
 d - a +0 crystal plate armour (worn)
 l - a +0 helmet (worn)
Jewellery
 v - a ring of ice
 z - a ring of resist corrosion (left hand)
 F - an amulet of the acrobat (around neck)
Wands
 h - a wand of flame (13)
 m - a wand of paralysis (4)
 B - a wand of acid (12)
Scrolls
 b - a scroll of immolation {unknown}
 e - 3 scrolls of silence
 f - a scroll of torment {unknown}
 k - a scroll of fear {unknown}
 n - 2 scrolls of enchant weapon {unknown}
 o - 2 scrolls of teleportation {unknown}
 r - 3 scrolls of vulnerability
 x - 2 scrolls of blinking
 y - 2 scrolls of fog {unknown}
Potions
 g - 2 potions of attraction {unknown}
 i - a potion of haste {unknown}
 p - a potion of cancellation {unknown}
 q - a potion of mutation {unknown}
 s - a potion of curing {unknown}
 u - a potion of lignification {unknown}
 w - a potion of flight {unknown}
 A - a potion of might
 E - a potion of brilliance {unknown}


   Skills:
 - Level 4.0 Fighting
 - Level 10.0 Axes
 + Level 9.9 Armour
 - Level 4.0 Shields


You had 8 spell levels left.
You didn't know any spells.
Your spell library contained the following spells:

 Spells                   Type           Power      Damage    Failure   Level
 Sublimation of Blood     Necr           0%         N/A       100%        2
 Ignite Poison            Fire/Tmut/Pois 0%         N/A       100%        3
 Mephitic Cloud           Conj/Pois/Air  0%         N/A       100%        3
 Petrify                  Tmut/Erth      0%         N/A       100%        4
 Freezing Cloud           Conj/Ice/Air   0%         6-21      100%        5
 Irradiate                Conj/Tmut      0%         3d14      100%        5


Dungeon Overview and Level Annotations

Branches:
Dungeon (7/15)             Temple (0/1) D:4

Altars:
Dithmenos

Shops:
D:6 *

Annotations:
D:7 Harold


Message History

Beogh accepts your kill.
Harold the Weathered comes into view.
He is wielding a +3 battleaxe of electrocution.
Harold shouts!
Harold hits you but does no damage.
You hit Harold.
Harold is lightly wounded.
Harold hits you with a +3 battleaxe of electrocution!
You barely miss Harold.
Harold is lightly wounded.
Harold hits you but does no damage. Harold barely misses you.
You barely miss Harold.
Harold is lightly wounded.
Harold hits you but does no damage.
You barely miss Harold.
Harold is lightly wounded.
Harold hits you with a +3 battleaxe of electrocution!
Harold hits you but does no damage.
You are electrocuted!
You hit Harold.
Harold is lightly wounded.
Harold hits you with a +3 battleaxe of electrocution.
You barely miss Harold.
Harold is lightly wounded.
Harold hits you with a +3 battleaxe of electrocution!!
You are too injured to fight recklessly!
You are too injured to fight recklessly!
You feel very mighty all of a sudden. You block Harold's attack.
You slash Harold!
Harold is lightly wounded.
Harold hits you with a +3 battleaxe of electrocution!
* * * LOW HITPOINT WARNING * * *
Harold barely misses you.
You slash Harold!
You feel better.
Harold is moderately wounded.
Harold hits you but does no damage.
You are electrocuted!
* * * LOW HITPOINT WARNING * * *
You barely miss Harold.
Harold is moderately wounded.
Harold hits you but does no damage.
You are electrocuted!!
You die...

.# .# .. ### .##
#.. .. #.# .#
##.###@#
#....@.###..
#./..........
##............
#.....####....
#.##.## ... #.####
.. #.# . #.# #+#
#.#
#########.########


You could see Harold.

Vanquished Creatures
  Grinder (D:3)
  Sigmund (D:3)
  4 water moccasins
  An ice beast (D:6)
  A necrophage (D:5)
  2 ogres
  A phantom (D:5)
  2 scorpions (D:5)
  A bullfrog (D:7)
  A howler monkey (D:5)
  4 hounds
  An iguana (D:5)
  Jessica (D:3)
  A bullfrog skeleton (D:6)
  2 howler monkey zombies
  2 howler monkey skeletons
  4 adders
  A shadow imp (D:5)
  2 ufetubi
  A worm (D:2)
  2 dart slugs
  7 orcs
  9 ball pythons
  4 endoplasms
  A giant cockroach (D:3)
  7 goblins
  6 hobgoblins
  3 jackals (D:1)
  7 kobolds
  5 quokkas
  6 bats
  3 frilled lizards
  4 rats
98 creatures vanquished.

Vanquished Creatures (others)
  An orc (D:4)
1 creature vanquished.

Grand Total: 99 creatures vanquished

Notes
Turn   | Place    | Note
-------+----------+-------------------------------------------
     0 | D:1      | safid the Hill Orc Fighter began the quest for the Orb.
     0 | D:1      | Reached XP level 1. HP: 19/19 MP: 1/1
   150 | D:1      | Reached XP level 2. HP: 27/27 MP: 2/2
   154 | D:1      | Reached skill level 3 in Axes
   361 | D:1      | Found a faded altar of an unknown god.
   375 | D:1      | Reached XP level 3. HP: 22/33 MP: 3/3
   773 | D:2      | Identified the +4 falchion "Pedus" {vamp, rN+ rCorr Str+3
                  | Dex-4}
  1359 | D:3      | Reached XP level 4. HP: 9/40 MP: 4/4
  1763 | D:3      | Reached skill level 4 in Axes
  1898 | D:3      | Noticed a water moccasin
  1912 | D:3      | Killed a water moccasin
  1913 | D:3      | Reached skill level 6 in Axes
  1913 | D:3      | Reached XP level 5. HP: 4/46 MP: 5/5
  1913 | D:3      | HP: 1/46 [poisoned by a water moccasin]
  2169 | D:3      | Found a shadowy altar of Dithmenos.
  2421 | D:3      | Noticed Grinder
  2442 | D:3      | Paralysed by Grinder for 5 turns
  2447 | D:3      | Killed Grinder
  2448 | D:3      | Reached skill level 8 in Axes
  2448 | D:3      | Reached XP level 6. HP: 9/52 MP: 6/6
  2691 | D:3      | Noticed Sigmund
  2702 | D:3      | Killed Sigmund
  2703 | D:3      | Reached skill level 9 in Axes
  2703 | D:3      | Reached XP level 7. HP: 58/59 MP: 7/7
  3061 | D:3      | Noticed Jessica
  3069 | D:3      | Killed Jessica
  3384 | D:4      | Reached skill level 10 in Axes
  3631 | D:4      | Found a staircase to the Ecumenical Temple.
  3644 | D:4      | Became a worshipper of Beogh the Brigand
  4126 | D:5      | Entered Level 5 of the Dungeon
  4173 | D:5      | Reached skill level 5 in Armour
  4266 | D:5      | Reached XP level 8. HP: 42/66 MP: 8/8
  5017 | D:5      | Identified the +4 dagger "Worm" {vorpal, Dex+2}
  5492 | D:6      | Found Narphin's Serpentskin Sales.
  5575 | D:6      | Bought 4 curare-tipped darts for 33 gold pieces
  5575 | D:6      | Bought 4 curare-tipped darts for 33 gold pieces
  5937 | D:6      | Reached XP level 9. HP: 68/71 MP: 9/9
  6259 | D:7      | Noticed Harold
  6272 | D:7      | Slain by Harold

Illustrated notes

Levels and vault maps discovered:
D:1:      heliophobic_arrival_henge, layout_rooms,
          chequers_ecumenical_altar_simple_redux
D:2:      layout_loops_ring, st_stairs_7, minmay_crystal_room
D:3:      minmay_spotlight, layout_loops_corners,
          mainiacjoe_overflow_tiny_flanked, uniq_sigmund, uniq_jessica,
          uniq_grinder
D:4:      layout_basic, minmay_temple_entry_mini_moons, palyth_stone_intersect
D:5:      layout_loops_cross
D:6:      layout_basic, chequers_mini_garden, guppyfry_shop_venom
D:7:      layout_loops_corners, uniq_harold

Skill      XL: |  1  2  3  4  5  6  7  8 |
---------------+-------------------------+-----
Axes           | 3 6 8 9 10 | 10.0
Fighting       | 4 |  4.0
Shields        | 4 |  4.0
Armour         | 4 5 9 |  9.9

Action                   |  1- 3 |  4- 6 |  7- 9 || total
-------------------------+-------+-------+-------++-------
Melee: War axe           |    61 |       |       ||    61
       Falchion          |    26 |    49 |   204 ||   279
Throw: Dart              |       |     4 |     5 ||     9
Invok: Convert to Beogh  |       |       |     1 ||     1
  Use: Potion            |       |     3 |     1 ||     4
       Scroll            |       |       |     3 ||     3
Armor: Scale mail        |    53 |    10 |       ||    63
       Crystal plate arm |       |     4 |   197 ||   201
Dodge: Dodged            |    46 |    20 |    47 ||   113
Block: Buckler           |    22 |    10 |    43 ||    75
